 Dungeon Crawl Stone Soup version 0.18-a0-1577-gf591c28 (webtiles) character file.

12 M4edhros the Digger (level 2, -4/13 HPs)
             Began as a Vine Stalker Earth Elementalist on Mar 19, 2016.
             Slain by a gnoll
             ... wielding a +0 spear
              (5 damage)
             ... on level 1 of the Dungeon.
             The game lasted 00:00:43 (368 turns).

M4edhros the Digger (VSEE)                           Turns: 368, Time: 00:00:43

Health: -4/13      AC:  5    Str: 10    XL:     2   Next: 33%
Magic:  0/6        EV: 10    Int: 15    God:
Gold:   28         SH:  0    Dex: 14    Spells: 1 memorised, 4 levels left

rFire  . . .     SeeInvis .       - Unarmed
rCold  . . .     Gourm    .     e - +0 ring mail
rNeg   . . .     Faith    .     (no shield)
rPois  .         Spirit   +     (no helmet)
rElec  .         Dismiss  .     (no cloak)
rCorr  .         Reflect  .     (no gloves)
SustAt .         Harm     .     (no boots)
MR     .....                    (no amulet)
Stlth  +.........               (no ring)
                                (no ring)

@: not resistant to hostile enchantments, very unstealthy
A: fangs 2, regeneration 1, magic shield, antimagic bite, no device heal 3, rot
immunity
a: no special abilities


You were on level 1 of the Dungeon.
You were not hungry.

You visited 1 branch of the dungeon, and saw 1 of its levels.

You collected 28 gold pieces.

Inventory:

Hand Weapons
 g - a +0 dagger of speed
Missiles
 b - 28 stones (quivered)
Armour
 a - a +0 robe
 e - a +0 ring mail (worn)
Scrolls
 h - 4 scrolls of identify {unknown}
Potions
 i - a potion of cancellation {unknown}
 j - a potion of degeneration {unknown}
Books
 c - a book of Geomancy

   Spells                             Type                      Level
   a - Sandblast                      Earth                        1
   b - Passwall                       Transmutation/Earth          2
   c - Stone Arrow                    Conjuration/Earth            3
   d - Petrify                        Transmutation/Earth          4
   e - Lee's Rapid Deconstruction     Earth                        5
Comestibles
 d - 2 bread rations
 k - 2 fruits


   Skills:
 - Level 1.5 Dodging
 - Level 2.4 Stealth
 * Level 1.3 Unarmed Combat
 - Level 2.1 Spellcasting
   Level 1.0 Transmutations
 + Level 3.3 Earth Magic


You had 4 spell levels left.
You knew the following spells:

 Your Spells              Type           Power        Failure   Level  Hunger
a - Sandblast             Erth           ##....       17%         1    #......


Dungeon Overview and Level Annotations

Branches:
Dungeon (1/15)

Altars:


Innate Abilities, Weirdness & Mutations

You have extremely sharp teeth.
Your natural rate of healing is unusually fast.
When hurt, damage is shared between your health and your magic reserves.
Your bite disrupts and absorbs the magic of your enemies.
Potions and wands cannot restore your health.
You are immune to rotting.


Message History

The gnoll is lightly wounded.
The gnoll hits you with a spear!
* * * LOW HITPOINT WARNING * * *
Drink which item? (? for menu, Esc to quit)
Okay, then.
You hit the gnoll. You bite the gnoll. You drain its power.
You feel invigorated.
The gnoll is moderately wounded.
The gnoll closely misses you.
You hit the gnoll but do no damage.
The gnoll is moderately wounded.
The gnoll hits you but does no damage.
You hit the gnoll.
The gnoll is heavily wounded.
The gnoll hits you with a spear.
* * * LOW HITPOINT WARNING * * *
You hit the gnoll but do no damage. You bite the gnoll, but do no damage.
The gnoll is heavily wounded.
The gnoll hits you with a spear.
You die...

###.##.#..### ####...##
###. ###.###.#.# #.....# #.
..........# #.....# #.
##..#.##.##########.....###
#)
#.##.##..................#
#.
#.##.##########..###≈###.#
#. ##.##.# #...# #≈#. ...
#> #...#.###### #.###.#≈#.#
#.# #. .###.........
#.@...#≈#r.. .# #. .#
#..######. #g###.#≈#.### #.
.###.#### .... ≈#.# ..
#........ ..#### #
....##### ## #. ##..# #.
#..######## #. #..........
#. #..######## #.


You could see a gnoll and a rat.

Vanquished Creatures
  3 goblins (D:1)
  2 kobolds (D:1)
  3 bats (D:1)
  3 rats (D:1)
11 creatures vanquished.

Notes
Turn   | Place    | Note
--------------------------------------------------------------
     0 | D:1      | M4edhros the Vine Stalker Earth Elementalist began the quest for the Orb.
     0 | D:1      | Reached XP level 1. HP: 9/9 MP: 4/4
   278 | D:1      | Reached skill level 1 in Unarmed Combat
   278 | D:1      | Reached XP level 2. HP: 13/13 MP: 6/6
   368 | D:1      | Slain by a gnoll

Vault maps used:
D:1:      dpeg_arrival_long_road, grunt_decor_cap

Skill      XL: |  1 |
---------------+----+-----
Unarmed Combat | 1 |  1.3
Dodging        | |  1.5
Stealth        | |  2.4
Spellcasting   | |  2.1
Transmutations | |  1.0
Earth Magic    | |  3.3

Action                   || total
-------------------------++-------
Melee: Unarmed           ||    67
 Stab: Sleeping          ||     2
